 Dungeon Crawl Stone Soup version 0.16-a0-764-g7febf84 (webtiles) character file.

2491 Psiweapon the Sneak (level 9, 0/61 HPs)
             Began as a Demonspawn Assassin on Sept 24, 2014.
             Was a Priest of Cheibriados.
             Slain by a giant frog (6 damage)
             ... on Level 7 of the Dungeon.
             The game lasted 00:38:06 (7230 turns).

Psiweapon the Sneak (Demonspawn Assassin)           Turns: 7230, Time: 00:38:06

HP   0/61        AC 14     Str 19      XL: 9   Next: 27%
MP  13/16        EV 18     Int 22      God: Cheibriados [***...]
Gold 294         SH  0     Dex 22      Spells:  0 memorised,  8 levels left

rFire  . . .     SeeInvis .     N - +2 falchion (protect)
rCold  + . .     Clarity  .     c - +0 robe
rNeg   . . .     rCorr    .     (no shield)
rPois  .         rRot     .     m - +2 hat
rElec  .         Spirit   .     d - +0 cloak
SustAb .         Warding  .     p - +0 pair of gloves
rMut   .         Stasis   .     (no boots)
Gourm  .                        (no amulet)
MR     .....                    (no ring)
                                (no ring)

@: very slightly contaminated, invisible, very slow, not resistant to hostile
enchantments, stealthy
A: horns 1, slimy green scales 2, cold resistance 1, freezing cloud immunity
a: Bend Time, Temporal Distortion, Renounce Religion


You were on level 7 of the Dungeon.
You worshipped Cheibriados.
Cheibriados was most pleased with you.
You were not hungry.

You visited 1 branch of the dungeon, and saw 7 of its levels.

You collected 294 gold pieces.

Inventory:

Hand weapons
 a - a +4 dagger
 b - a +0 blowgun
 r - a +0 trident
 u - a +0 hand axe of freezing
 D - a +1 dagger of venom
 N - a +2 falchion of protection (weapon)
Missiles
 e - 30 poisoned needles
 f - 4 curare-tipped needles
 j - 30 bolts
Armour
 c - a +0 robe (worn)
 d - a +0 cloak (worn)
 m - a +2 hat (worn)
 p - a +0 pair of gloves (worn)
 A - a +1 chain mail of poison resistance
Magical devices
 I - a wand of enslavement (14)
Comestibles
 g - 3 bread rations
 h - 3 meat rations
 q - 5 fruits
 z - 2 slices of pizza
 H - 3 rotting chunks of orc flesh
 R - a beef jerky
Scrolls
 i - 2 scrolls of teleportation
 k - 9 scrolls of remove curse
 l - 2 scrolls of enchant weapon
 y - a scroll of recharging {unknown}
 C - a scroll of immolation {unknown}
 G - a scroll of identify
 J - a scroll of amnesia
 L - a scroll of random uselessness
Jewellery
 v - an uncursed amulet of stasis
Potions
 n - a potion of might {unknown}
 o - a potion of cancellation {unknown}
 s - 2 potions of restore abilities {unknown}
 t - a potion of poison {unknown}
 w - a potion of invisibility
 x - a potion of curing
 B - a potion of brilliance {unknown}
 E - a potion of agility {unknown}
 F - a potion of confusion {unknown}
 O - a potion of haste
 P - 2 potions of degeneration {unknown}
Books
 K - a book of Control

   Spells                             Type                      Level
   Control Teleport                   Charms/Translocation         4
   Control Undead                     Necromancy                   4
   Enslavement                        Hexes                        4
   Metabolic Englaciation             Hexes/Ice                    5
   Mass Confusion                     Hexes                        6


   Skills:
 - Level 2.0 Fighting
 + Level 6.7 Short Blades
 - Level 1.7 Throwing
 + Level 6.3 Dodging
 + Level 7.7 Stealth
 + Level 4.3 Invocations


You had 8 spell levels left.
You didn't know any spells.

Dungeon Overview and Level Annotations

Branches:
Dungeon (7/15)             Temple (0/1) D:5

Altars:
Cheibriados
Fedhas
Kikubaaqudgha
Trog
Yredelemnul

Annotations:
D:4 soonmide's ghost, experienced DsGl
D:6 exclusion: door


Innate Abilities, Weirdness & Mutations

You have a pair of small horns on your head.
You are mostly covered in slimy green scales (AC +3).
Your flesh is cold resistant.
You are immune to freezing clouds.


Message History

Cheibriados rebukes the ice beast.
The ice beast seems to slow down.
The centaur resists.
You feel slightly more hungry. The centaur closely misses you.
The ice beast hits you but does no damage.
The giant frog misses you. The centaur barely misses you.
Drink which item? (? for menu, Esc to quit)
You feel better. The centaur closely misses you. The giant frog hits you.
* * * LOW HITPOINT WARNING * * *
The ice beast hits you but does no damage.
Drink which item? (? for menu, Esc to quit)
You fade into invisibility!
The centaur zaps a wand.
You are blasted!
* * * LOW HITPOINT WARNING * * *
The giant frog completely misses you. The centaur closely misses you.
You are very lightly contaminated with residual magic.
You strike the helpless centaur from behind!
You hit the centaur. You headbutt the centaur.
The centaur is moderately wounded.
The ice beast completely misses you. The giant frog hits you.
You die...

#..######........#
#..# ##########
##.## ##.### #
##..## ###
##..#### ...
##....####### ....
#.%........## ###
##..@........##
#..FY.........# #
#....S.c.##...## #
#.####...## ..##
.# #.# #P..## ##
.# #..### #F# .# #


You could see an ice beast, a giant frog, a centaur and an adder.

Vanquished Creatures
  4 yaks (D:7)
  Edmund (D:6)
  A hill giant skeleton (D:6)
  2 orc warriors (D:7)
  An ice beast (D:5)
  2 phantoms
  A centaur (D:6)
  2 giant frogs (D:7)
  3 jellies
  4 scorpions
  2 crimson imps (D:5)
  An iguana (D:5)
  A hound (D:4)
  4 orc priests
  2 worker ants (D:4)
  Natasha (thrice) (D:5)
  5 orc wizards
  A crocodile skeleton (D:5)
  7 adders
  A gnoll (D:1)
  A shadow imp (D:7)
  5 worms
  An orc skeleton (D:5)
  2 oozes
  30 orcs
  8 bats
  5 giant cockroaches
  11 hobgoblins
  3 jackals (D:2)
  6 kobolds
  3 quokkas
  4 giant geckos
  10 giant newts
  9 goblins
  12 rats
158 creatures vanquished.

Vanquished Creatures (others)
  A giant spore (D:7)
1 creature vanquished.

Grand Total: 159 creatures vanquished

Notes
Turn   | Place    | Note
--------------------------------------------------------------
     0 | D:1      | Psiweapon, the Demonspawn Assassin, began the quest for the Orb.
     0 | D:1      | Reached XP level 1. HP: 16/16 MP: 1/1
    18 | D:1      | Reached skill level 1 in Dodging
   130 | D:1      | Gained mutation: You are partially covered in slimy green scales (AC +2). [demonic ancestry]
   130 | D:1      | Reached XP level 2. HP: 15/22 MP: 2/2
   554 | D:2      | Reached skill level 4 in Stealth
   558 | D:2      | Gained mutation: Your flesh is cold resistant. [demonic ancestry]
   558 | D:2      | Reached XP level 3. HP: 13/27 MP: 3/3
  1194 | D:2      | Found a bloodstained altar of Trog.
  1406 | D:1      | Reached XP level 4. HP: 29/33 MP: 4/4
  2721 | D:3      | Found a snail-covered altar of Cheibriados.
  2728 | D:3      | Became a worshipper of Cheibriados the Contemplative
  2798 | D:4      | Reached XP level 5. HP: 38/38 MP: 5/5
  2907 | D:4      | Found an ancient bone altar of Kikubaaqudgha.
  3058 | D:4      | Noticed soonmide's ghost (experienced DsGl)
  3074 | D:4      | Found a basalt altar of Yredelemnul.
  3090 | D:4      | Reached XP level 6. HP: 8/44 MP: 6/6
  3344 | D:5      | Entered Level 5 of the Dungeon
  3397 | D:5      | Reached skill level 5 in Stealth
  3938 | D:5      | Noticed Natasha
  3952 | D:5      | Killed Natasha
  4057 | D:5      | Gained mutation: You are immune to freezing clouds. [demonic ancestry]
  4057 | D:5      | Reached XP level 7. HP: 50/50 MP: 7/7
  4419 | D:5      | Noticed Natasha
  4427 | D:5      | Killed Natasha
  4465 | D:5      | Found a staircase to the Ecumenical Temple.
  4611 | D:5      | Reached skill level 5 in Short Blades
  4611 | D:5      | Reached skill level 6 in Stealth
  4637 | D:5      | Noticed Natasha
  4640 | D:5      | Killed Natasha
  5123 | D:6      | Gained mutation: You have a pair of small horns on your head. [demonic ancestry]
  5123 | D:6      | Reached XP level 8. HP: 56/56 MP: 8/8
  5245 | D:6      | Reached skill level 5 in Dodging
  5876 | D:6      | Noticed Edmund
  5881 | D:6      | Killed Edmund
  6265 | D:7      | Acquired Cheibriados' first power
  6356 | D:7      | Reached skill level 1 in Invocations
  6361 | D:7      | Reached skill level 7 in Stealth
  6391 | D:7      | Gained mutation: You are mostly covered in slimy green scales (AC +3). [demonic ancestry]
  6391 | D:7      | Reached XP level 9. HP: 23/61 MP: 9/14
  6649 | D:7      | Found a blossoming altar of Fedhas.
  7230 | D:7      | Slain by a giant frog

Action                   |  1- 3 |  4- 6 |  7- 9 || total
-------------------------+-------+-------+-------++-------
Melee: Dagger            |   127 |   312 |   126 ||   565
       Falchion          |       |       |   137 ||   137
 Fire: Blowgun           |     7 |    50 |    28 ||    85
Invok: Bend Time         |       |       |     6 ||     6
       Temporal Distorti |       |       |     1 ||     1
Evoke: Wand              |       |       |     1 ||     1
  Use: Potion            |       |     1 |     6 ||     7
       Scroll            |       |     1 |    10 ||    11
 Stab: Sleeping          |     2 |    10 |     8 ||    20
       Invisible         |       |     1 |     1 ||     2
       Distracted        |       |       |     1 ||     1
  Eat: Chunk             |     1 |     6 |     8 ||    15
       Beef jerky        |       |     1 |       ||     1
       Pizza             |       |       |     1 ||     1
